 Dungeon Sprint DCSS version 0.28.0-43-g3370ac3207 (webtiles) character file.

Game seed: 1665966715744328819

207 rocky1 the Skirmisher (level 6, -1/79 HPs)
             Began as a Djinni Fire Elementalist on Mar 11, 2022.
             Was a Follower of Okawaru.
             Slain by a black bear (2 damage)
             ... in the Dungeon (Sprint VII: "The Pits").
             The game lasted 00:03:45 (381 turns).

rocky1 the Skirmisher (Djinni Fire Elementalist)     Turns: 381, Time: 00:03:45

Health: -1/79      AC:  2    Str:  7    XL:     6   Next: 11%
Gold:   0          EV: 12    Int: 18    God:    Okawaru [*.....] SH:  0 Dex: 14

rFire   + + .      SeeInvis .   i - +1 long sword (flame)
rCold   x . .      Faith    .   (no shield)
rNeg    . . .      Spirit   .   a - +0 robe
rPois   ∞          Reflect  .   (no helmet)
rElec   .          Harm     .   (no cloak)
rCorr   .          Rampage  .   (no gloves)
Will    .....      NoTele   +   (boots unavailable)
Stlth   ..........              (no amulet)
HPRegen 0.23/turn               (no ring)
MPRegen 0.00/turn               (no ring)

@: berserking (expiring), flying, very quick
A: sickness immunity, fire resistance 2, cold vulnerability 1, float, innate
caster, HP casting, extra vitality 1
a: Renounce Religion, Heroism


You were in the Dungeon.
You worshipped Okawaru.
Okawaru was aware of your devotion.
You visited 1 branch

Inventory:

Hand Weapons
 i - a +1 long sword of flaming (weapon)
 j - a +0 quarterstaff of speed
Armour
 a - a +0 robe (worn)
 k - a +3 chain mail
Scrolls
 f - a scroll of blinking
 h - a scroll of summoning
Potions
 b - 6 potions of curing
 c - 5 potions of heal wounds
 d - a potion of haste
 e - a potion of berserk rage
 g - 2 potions of invisibility


   Skills:
 + Level 7.5 Fighting
 - Level 2.1 Dodging
 - Level 1.5 Stealth
 + Level 6.3 Spellcasting
 + Level 3.8 Invocations


You had one spell level left.
You knew the following spells:

 Your Spells              Type           Power      Damage    Failure   Level
a - Foxfire               Conj/Fire      100%       2x1d9     1%          1
b - Scorch                Fire           56%        2d8       1%          2
c - Conjure Flame         Conj/Fire      28%        6-21      2%          3
d - Inner Flame           Hex/Fire       28%        N/A       2%          3
e - Flame Wave            Conj/Fire      28%        2d8       9%          4
f - Animate Skeleton      Necr           56%        N/A       1%          1
g - Corpse Rot            Necr/Air       56%        N/A       1%          2
Your spell library was empty.

Dungeon Overview and Level Annotations

Branches:
Dungeon (1/1)

Altars:
Ashenzari
Cheibriados
Dithmenos
Elyvilon
Fedhas
Gozag
Hepliaklqana
Kikubaaqudgha
Makhleb
Nemelex Xobeh
Okawaru
Qazlal
Ru
Sif Muna
Trog
Uskayaw
Vehumet
Wu Jian
Xom
Yredelemnul
Zin
The Shining One
Beogh
Jiyva
Lugonu


Innate Abilities, Weirdness & Mutations

You are immune to sickness and miasma.
You are immune to poison.
Your flesh is very heat resistant. (rF++)
You are vulnerable to cold. (rC-)
You float through the air rather than walking.
You learn spells naturally, not from books.
Your magical power is your life essence.
You have superior vitality. (+4 MHP)


Message History

You slash the black bear! You burn the black bear.
You kill the black bear!
Okawaru accepts your kill.
You can now gain great but temporary skills.
The bullfrog is no longer more vulnerable to fire.
Your Fighting skill increases to level 7!
Your Spellcasting skill increases to level 6!
Your Invocations skill gained 3 levels and is now at level 3!
You have reached level 6!
You hit the black bear. You burn the black bear.
The black bear is moderately wounded.
The black bear misses you. The black bear claws you. x2
* * * LOW HITPOINT WARNING * * *
You slash the black bear! You burn the black bear.
The black bear is heavily wounded.
The black bear bites you.
* * * LOW HITPOINT WARNING * * *
The black bear completely misses you. The black bear misses you.
You hit the black bear. You burn the black bear.
The black bear is almost dead.
The black bear goes berserk!
You barely miss the black bear.
The black bear is almost dead.
The black bear bites you!
* * * LOW HITPOINT WARNING * * *
The black bear claws you.
* * * LOW HITPOINT WARNING * * *
The black bear claws you.
* * * LOW HITPOINT WARNING * * *
You hit the black bear. You burn the black bear.
The black bear is almost dead.
The black bear barely misses you. x3
The bullfrog swells and bulges.
Unknown command.
You barely miss the black bear.
The black bear is almost dead.
The black bear misses you. The black bear claws you.
* * * LOW HITPOINT WARNING * * *
The black bear claws you.
You die...

#.?(!')))'.##.....
##########.##.....
#...........÷.....
#'#####)#####.....
#.#..#..#..##.....
#.#..'†)'..#####'#
#.##+####)###.....
#.#.....)..##.....
#@#........##.....
#h#####'#####...<.
#F#...).)..##.....
#g#...)))[.##.....
#b###########.....


#gg ###### #..# #... ##.## You could see a black bear (berserk), a gnoll
sergeant, a fire bat, a bullfrog and 2 gnolls.

Vanquished Creatures
  A black bear (D)
  An ogre (D)
  A gnoll (D)
  A river rat (D)
  An adder skeleton (D)
  An orc (D)
  A giant cockroach (D)
  A goblin (D)
  A quokka (D)
  A ball python (D)
  A ball python skeleton (D)
  A kobold (D)
  A rat (D)
13 creatures vanquished.

Vanquished Creatures (others)
  18 foxfires (D)
18 creatures vanquished.

Grand Total: 31 creatures vanquished

Notes
Turn   | Place    | Note
-------+----------+-------------------------------------------
     0 | D        | rocky1 the Djinni Fire Elementalist began the quest for the
                  | Orb.
     0 | D        | Reached XP level 1. HP: 15/15 MP: 0/0
    20 | D        | Reached skill level 2 in Fighting
    20 | D        | Reached XP level 2. HP: 20/24 MP: 0/0
    90 | D        | Found a bloodstained altar of Trog.
    90 | D        | Found a viscous altar of Jiyva.
    90 | D        | Found a hazy altar of Hepliaklqana.
    90 | D        | Found an opulent altar of Gozag.
    91 | D        | Found a glowing golden altar of the Shining One.
    91 | D        | Found a glowing silver altar of Zin.
    91 | D        | Found a basalt altar of Yredelemnul.
    91 | D        | Found a shimmering altar of Xom.
    91 | D        | Found an ornate altar of the Wu Jian Council.
    91 | D        | Found a sacrificial altar of Ru.
    91 | D        | Found a stormy altar of Qazlal.
    91 | D        | Found an iron altar of Okawaru.
    91 | D        | Found a sparkling altar of Nemelex Xobeh.
    91 | D        | Found a burning altar of Makhleb.
    91 | D        | Found a blossoming altar of Fedhas.
    91 | D        | Found a white marble altar of Elyvilon.
    91 | D        | Found a shadowy altar of Dithmenos.
    91 | D        | Found a snail-covered altar of Cheibriados.
    94 | D        | Found a corrupted altar of Lugonu.
    95 | D        | Found a hide-covered altar of Uskayaw.
    95 | D        | Found a broken altar of Ashenzari.
   100 | D        | Became a worshipper of Warmaster Okawaru
   126 | D        | Reached skill level 3 in Fighting
   230 | D        | Noticed an ogre
   236 | D        | Reached XP level 3. HP: 27/30 MP: 0/0
   236 | D        | Learned a level 1 spell: Animate Skeleton
   239 | D        | Killed an ogre
   240 | D        | Reached skill level 6 in Fighting
   240 | D        | Reached skill level 5 in Spellcasting
   240 | D        | Reached XP level 4. HP: 40/40 MP: 0/0
   240 | D        | Reached XP level 5. HP: 45/45 MP: 0/0
   240 | D        | Learned a level 2 spell: Corpse Rot
   359 | D        | Noticed a black bear
   359 | D        | Noticed a bullfrog
   360 | D        | Noticed a fire bat
   361 | D        | Noticed a black bear
   375 | D        | Killed a black bear
   375 | D        | Reached * piety under Okawaru
   376 | D        | Reached skill level 7 in Fighting
   376 | D        | Reached XP level 6. HP: 28/53 MP: 0/0
   381 | D        | HP: 1/79 [black bear (4)]
   381 | D        | Slain by a black bear

Illustrated notes

Levels and vault maps discovered:
D:        pitsprint [storerooms_1, entrance_room_1, metal_vault_5, armoury_1,
          mini_pit_1, grid_room_1, main_hall_1, silver_pit, the_coven_1,
          the_vestibule_1, steel_vault_2, golden_pit, hallway_of_sentries,
          crystal_vault_1, iron_vault_4, final_vault]

Skill      XL: |  1  2  3  4  5 |
---------------+----------------+-----
Fighting       | 2 3 6 7 |  7.5
Spellcasting   | 3 5 6 |  6.3
Invocations    | 3 |  3.8
Dodging        | |  2.1
Stealth        | |  1.5

Action                   |  1- 3 |  4- 6 || total
-------------------------+-------+-------++-------
Melee: Quarterstaff      |     8 |       ||     8
       Long sword        |       |     9 ||     9
 Cast: Foxfire           |    11 |       ||    11
       Scorch            |       |     8 ||     8
  Use: Potion            |     1 |     2 ||     3
Armor: Robe              |       |     4 ||     4
Dodge: Dodged            |     3 |    19 ||    22
